[ AOE2 MATCH · #513677404 ]
UnrankedTatars vs Lithuanians
Player's team · LOSS
[ REPLAY ANALYSIS · EXTRACTED FROM THE RECORDED GAME ]
Feudal
8:54
Castle
25:12
Imperial
41:54
| APM avg | 50.3 |
| APM peak | 112 |
| eAPM avg | 24.4 |
| Villagers / military | 97 / 81 |
Focus
⚔️ 31.9% · 🌾 68.1%
Keshik ×55 · Skirmisher ×13 · Monk ×5 · Scout Cavalry ×4 · Steppe Lancer ×2 · Trebuchet (Packed) ×2
Feudal
8:25
Castle
23:50
Imperial
41:11
| APM avg | 50.7 |
| APM peak | 81 |
| eAPM avg | 27.1 |
| Villagers / military | 190 / 157 |
Focus
⚔️ 38.2% · 🌾 61.8%
Leitis ×77 · Spearman ×27 · Skirmisher ×25 · Trebuchet (Packed) ×15 · Monk ×8 · Mangonel ×3
Match map
Initial resources + every placement click. Lines = walls · curves = elevation contours. ◆ gold · ⬟ stone · ● berries · ✦ relic · ◌ wall gap
Your base· Open — unwalled flank
Schneider's base· Open — 6t gap
Smoothed initial terrain · ◌ = detected wall gap · hover for details
Inputs per minute
— themad22 - - Schneider
Build order — themad22
First 150 of 314 actions detected
| 0:01 | queue | Villager (Male) |
| 0:01 | queue | Villager (Male) |
| 0:02 | Build | House |
| 0:03 | Build | House |
| 0:11 | queue | Villager (Male) |
| 0:57 | queue | Villager (Male) |
| 1:11 | queue | Villager (Male) |
| 1:43 | queue | Villager (Male) |
| 2:10 | queue | Villager (Male) |
| 2:27 | Build | Lumber Camp |
| 2:35 | queue | Villager (Male) |
| 3:12 | queue | Villager (Male) |
| 3:33 | queue | Villager (Male) |
| 4:03 | Build | House |
| 4:10 | queue | Villager (Male) |
| 4:31 | Build | House |
| 4:35 | queue | Villager (Male) |
| 4:46 | queue | Villager (Male) |
| 5:18 | Build | Mill |
| 5:20 | queue | Villager (Male) |
| 5:44 | queue | Villager (Male) |
| 5:52 | Research | Loom |
| 6:44 | Research | Feudal Age |
| 7:35 | Build | Barracks |
| 8:02 | Build | Palisade Wall |
| 8:08 | Build | Palisade Wall |
| 8:11 | Build | Palisade Wall |
| 8:12 | Build | Palisade Wall |
| 8:13 | Build | Palisade Wall |
| 8:14 | Build | Palisade Wall |
| 8:22 | queue | Villager (Male) |
| 8:54 | Age | Feudal Age |
| 8:56 | queue | Villager (Male) |
| 9:12 | queue | Villager (Male) |
| 9:26 | Build | Archery Range |
| 9:56 | queue | Villager (Male) |
| 10:00 | queue | Villager (Male) |
| 10:13 | Build | Palisade Gate |
| 10:19 | queue | Skirmisher |
| 10:20 | queue | Villager (Male) |
| 10:23 | queue | Villager (Male) |
| 10:36 | queue | Skirmisher |
| 10:40 | Build | Palisade Gate |
| 10:48 | queue | Skirmisher |
| 10:50 | Build | House |
| 11:06 | queue | Villager (Male) |
| 11:14 | queue | Skirmisher |
| 11:29 | queue | Skirmisher |
| 11:30 | queue | Villager (Male) |
| 11:52 | queue | Villager (Male) |
| 12:06 | queue | Skirmisher |
| 12:10 | queue | Villager (Male) |
| 12:11 | Build | Lumber Camp |
| 12:19 | queue | Villager (Male) |
| 12:29 | Research | Town Watch |
| 12:34 | Build | Farm |
| 12:37 | Build | Farm |
| 12:40 | queue | Skirmisher |
| 13:00 | Build | House |
| 13:04 | queue | Villager (Male) |
| 13:18 | Build | Farm |
| 13:19 | Build | Farm |
| 13:34 | queue | Skirmisher |
| 13:40 | Research | Double-Bit Axe |
| 13:42 | queue | Skirmisher |
| 13:54 | Build | House |
| 14:11 | Build | Farm |
| 14:13 | queue | Villager (Male) |
| 14:14 | queue | Skirmisher |
| 14:17 | Build | Farm |
| 14:42 | queue | Skirmisher |
| 14:52 | Build | Palisade Wall |
| 15:06 | Build | Palisade Gate |
| 15:18 | queue | Skirmisher |
| 15:32 | queue | Villager (Male) |
| 15:33 | Build | Stable |
| 15:58 | Build | Farm |
| 16:00 | Build | Farm |
| 16:03 | queue | Villager (Male) |
| 16:13 | Build | Farm |
| 16:21 | queue | Skirmisher |
| 16:28 | Build | Watch Tower |
| 16:30 | Build | Mining Camp |
| 16:39 | queue | Scout Cavalry |
| 16:44 | Build | Mining Camp |
| 16:58 | queue | Villager (Male) |
| 17:11 | Build | Farm |
| 17:12 | Build | Farm |
| 18:11 | queue | Scout Cavalry |
| 18:13 | queue | Villager (Male) |
| 18:16 | Build | Mining Camp |
| 18:17 | queue | Villager (Male) |
| 18:25 | queue | Villager (Male) |
| 18:33 | Build | Market |
| 18:40 | Build | House |
| 18:52 | queue | Scout Cavalry |
| 18:55 | Build | Farm |
| 19:12 | queue | Scout Cavalry |
| 19:18 | Build | Watch Tower |
| 20:06 | queue | Villager (Male) |
| 20:06 | queue | Villager (Male) |
| 20:35 | Build | Farm |
| 20:52 | queue | Villager (Male) |
| 20:58 | Build | House |
| 21:20 | Build | Lumber Camp |
| 21:26 | queue | Villager (Male) |
| 21:46 | Build | Farm |
| 21:49 | queue | Villager (Male) |
| 22:12 | Build | House |
| 22:32 | Research | Castle Age |
| 22:36 | Build | Farm |
| 23:02 | Build | House |
| 23:19 | queue | Villager (Male) |
| 23:39 | Build | Stable |
| 23:45 | Build | Blacksmith |
| 24:01 | Research | Horse Collar |
| 24:01 | Research | Gold Mining |
| 24:39 | Build | Farm |
| 25:09 | queue | Villager (Male) |
| 25:12 | Age | Castle Age |
| 25:24 | Build | Castle |
| 25:29 | queue | Steppe Lancer |
| 25:30 | queue | Steppe Lancer |
| 25:31 | queue | Villager (Male) |
| 25:47 | Build | University |
| 25:54 | Build | House |
| 25:57 | Build | House |
| 26:52 | Build | Farm |
| 26:53 | Build | Farm |
| 27:09 | Research | Guard Tower (upgrade) |
| 27:12 | Build | Watch Tower |
| 27:15 | queue | Villager (Male) |
| 27:17 | Build | Farm |
| 27:17 | Build | Farm |
| 27:27 | queue | Keshik |
| 27:43 | Build | Monastery |
| 27:49 | Research | Fletching |
| 28:01 | Build | Farm |
| 28:03 | Build | Farm |
| 28:04 | Build | Farm |
| 28:05 | queue | Villager (Male) |
| 28:17 | queue | Keshik |
| 28:32 | Build | Farm |
| 28:39 | Research | Bodkin Arrow |
| 28:42 | queue | Monk |
| 28:45 | Build | House |
| 28:45 | Build | House |
| 29:01 | Build | Farm |
| 29:03 | Build | Farm |
| 29:05 | Build | Mill |
Build order — Schneider
First 150 of 555 actions detected
| 0:00 | queue | Villager (Male) |
| 0:01 | queue | Villager (Male) |
| 0:02 | Build | House |
| 0:02 | Build | House |
| 0:08 | queue | Villager (Male) |
| 0:08 | queue | Villager (Male) |
| 0:08 | queue | Villager (Male) |
| 0:08 | queue | Villager (Male) |
| 0:09 | queue | Villager (Male) |
| 1:31 | queue | Villager (Male) |
| 1:50 | queue | Villager (Male) |
| 2:12 | queue | Villager (Male) |
| 2:42 | queue | Villager (Male) |
| 2:49 | Build | Lumber Camp |
| 2:52 | queue | Villager (Male) |
| 3:20 | queue | Villager (Male) |
| 3:21 | queue | Villager (Male) |
| 3:21 | queue | Villager (Male) |
| 4:01 | Build | House |
| 4:24 | queue | Villager (Male) |
| 4:50 | Build | Mill |
| 5:19 | Research | Loom |
| 6:14 | Research | Feudal Age |
| 7:08 | queue | Villager (Male) |
| 7:30 | Build | Barracks |
| 7:35 | queue | Villager (Male) |
| 7:59 | Build | House |
| 8:25 | Age | Feudal Age |
| 8:27 | Build | Archery Range |
| 8:30 | queue | Spearman |
| 8:40 | queue | Spearman |
| 8:42 | queue | Villager (Male) |
| 8:42 | queue | Villager (Male) |
| 8:42 | queue | Villager (Male) |
| 8:42 | queue | Villager (Male) |
| 8:55 | Build | Palisade Gate |
| 9:05 | queue | Skirmisher |
| 9:05 | queue | Skirmisher |
| 9:12 | Build | Palisade Gate |
| 9:25 | queue | Villager (Male) |
| 9:34 | queue | Skirmisher |
| 9:34 | queue | Skirmisher |
| 9:46 | Build | House |
| 9:49 | queue | Skirmisher |
| 10:02 | Build | House |
| 10:03 | Build | Farm |
| 10:04 | Build | Farm |
| 10:04 | Build | Farm |
| 10:26 | queue | Skirmisher |
| 10:27 | queue | Skirmisher |
| 10:37 | queue | Spearman |
| 10:49 | queue | Spearman |
| 10:56 | Build | House |
| 11:12 | queue | Skirmisher |
| 11:15 | Build | Farm |
| 11:45 | queue | Villager (Male) |
| 11:50 | Build | Farm |
| 11:53 | Build | Farm |
| 11:56 | Build | House |
| 12:11 | queue | Villager (Male) |
| 12:11 | queue | Villager (Male) |
| 12:12 | Build | Farm |
| 12:19 | Build | House |
| 12:51 | Build | Palisade Gate |
| 12:58 | queue | Villager (Male) |
| 12:59 | Build | Farm |
| 13:00 | Build | Farm |
| 13:01 | Build | Farm |
| 13:11 | queue | Skirmisher |
| 13:11 | queue | Skirmisher |
| 13:38 | queue | Villager (Male) |
| 13:38 | queue | Villager (Male) |
| 13:47 | Build | House |
| 13:48 | Build | House |
| 13:52 | queue | Skirmisher |
| 14:14 | queue | Villager (Male) |
| 14:17 | Build | Farm |
| 14:18 | Build | Farm |
| 14:27 | Build | Palisade Gate |
| 14:30 | Build | Palisade Gate |
| 14:43 | Build | House |
| 14:43 | Build | House |
| 14:49 | queue | Skirmisher |
| 14:50 | queue | Villager (Male) |
| 14:50 | queue | Villager (Male) |
| 14:50 | queue | Villager (Male) |
| 14:54 | Build | House |
| 14:55 | Build | Palisade Wall |
| 15:32 | queue | Skirmisher |
| 15:41 | queue | Skirmisher |
| 15:41 | queue | Villager (Male) |
| 15:57 | Build | House |
| 15:59 | queue | Villager (Male) |
| 16:02 | Build | Farm |
| 16:10 | Build | Farm |
| 16:11 | Build | Farm |
| 16:15 | Build | Farm |
| 16:16 | Research | Double-Bit Axe |
| 16:22 | queue | Skirmisher |
| 16:22 | queue | Skirmisher |
| 16:34 | queue | Villager (Male) |
| 16:35 | queue | Villager (Male) |
| 16:35 | queue | Villager (Male) |
| 16:37 | Build | Farm |
| 17:29 | queue | Spearman |
| 18:02 | queue | Villager (Male) |
| 18:05 | Build | Mining Camp |
| 18:19 | queue | Spearman |
| 18:21 | queue | Skirmisher |
| 18:21 | queue | Skirmisher |
| 18:21 | queue | Skirmisher |
| 18:25 | queue | Villager (Male) |
| 18:26 | Build | Farm |
| 18:27 | queue | Villager (Male) |
| 18:38 | queue | Skirmisher |
| 18:38 | queue | Skirmisher |
| 18:48 | Build | Blacksmith |
| 19:08 | Build | Watch Tower |
| 19:17 | queue | Villager (Male) |
| 19:19 | Build | Farm |
| 19:24 | queue | Villager (Male) |
| 19:25 | queue | Villager (Male) |
| 19:37 | Build | House |
| 19:52 | queue | Spearman |
| 20:13 | queue | Spearman |
| 20:20 | queue | Villager (Male) |
| 20:22 | Build | Farm |
| 20:24 | Build | Farm |
| 20:48 | Build | Lumber Camp |
| 21:10 | Research | Castle Age |
| 21:10 | Research | Castle Age |
| 21:21 | queue | Villager (Male) |
| 21:22 | Research | Horse Collar |
| 21:22 | Research | Horse Collar |
| 21:35 | Build | Lumber Camp |
| 21:47 | queue | Villager (Male) |
| 21:47 | queue | Villager (Male) |
| 21:54 | Build | House |
| 21:55 | Build | House |
| 21:58 | Build | House |
| 21:59 | queue | Villager (Male) |
| 21:59 | queue | Villager (Male) |
| 22:07 | Build | Palisade Wall |
| 22:18 | queue | Skirmisher |
| 22:18 | queue | Skirmisher |
| 22:20 | queue | Spearman |
| 22:20 | queue | Spearman |
| 22:33 | Build | Lumber Camp |
| 22:44 | queue | Skirmisher |
| 22:44 | queue | Skirmisher |
Match timeline
| 7:30 | Schneider · first_building Barracks |
| 7:35 | themad22 · first_building Barracks |
| 8:02 | themad22 · wall_segment Palisade Wall x1 |
| 8:08 | themad22 · wall_segment Palisade Wall x1 |
| 8:11 | themad22 · wall_segment Palisade Wall x1 |
| 8:12 | themad22 · wall_segment Palisade Wall x1 |
| 8:13 | themad22 · wall_segment Palisade Wall x1 |
| 8:14 | themad22 · wall_segment Palisade Wall x1 |
| 8:25 | Schneider · age_up feudal |
| 8:27 | Schneider · first_building Archery Range |
| 8:54 | themad22 · age_up feudal |
| 9:26 | themad22 · first_building Archery Range |
| 14:52 | themad22 · wall_segment Palisade Wall x5 |
| 14:55 | Schneider · wall_segment Palisade Wall x8 |
| 15:33 | themad22 · first_building Stable |
| 20:29 | themad22 · first_market_sell 500 wood |
| 20:30 | themad22 · first_market_buy 500 food |
| 22:07 | Schneider · wall_segment Palisade Wall x9 |
| 23:29 | Schneider · wall_segment Palisade Wall x1 |
| 23:40 | Schneider · wall_segment Palisade Wall x7 |
| 23:50 | Schneider · age_up castle |
| 23:59 | Schneider · first_building Siege Workshop |
| 24:05 | Schneider · first_building Stable |
| 25:04 | Schneider · wall_segment Palisade Wall x1 |
| 25:12 | themad22 · age_up castle |
| 25:20 | Schneider · wall_segment Palisade Wall x5 |
| 25:24 | themad22 · first_building Castle |
| 27:01 | Schneider · first_building Monastery |
| 27:43 | themad22 · first_building Monastery |
| 29:09 | Schneider · first_market_buy 100 stone |
| 29:19 | Schneider · first_market_sell 100 wood |
| 36:10 | Schneider · first_building Castle |
| 41:11 | Schneider · age_up imperial |
| 41:54 | themad22 · age_up imperial |
| 45:55 | themad22 · wall_segment Palisade Wall x1 |
| 47:30 | themad22 · resign |
[ AI ANALYSIS · 1 CREDIT ]
What really happened in this match?
Wolo.gg analyzes every decision: build order, eco, micro, common mistakes by bracket. Personalized analysis on WhatsApp or Discord in 30 seconds.
Civ guide
Tatars
Perfil
Jugador #4380674